 Dungeon Crawl Stone Soup version 0.30-a0-6-g7c9e10e132 (webtiles) character file.

Game seed: 9553294409096520799

52 freelancePsychic the Shooter (level 3, -25/30 HPs)
             Began as a Draconian Hunter on Aug 22, 2022.
             Killed by an exploding Terence (26 damage)
             ... ignited by their inner flame
             ... on level 2 of the Dungeon.
             The game lasted 00:02:30 (1954 turns).

freelancePsychic the Shooter (Draconian Hunter)     Turns: 1954, Time: 00:02:31

Health: -25/30     AC:  5    Str: 12 (13) XL:     3   Next: 60%
Magic:  3/3        EV: 12    Int:  8 (9)  God:
Gold:   69         SH:  0    Dex: 15 (16) Spells: 2/2 levels left

rFire   . . .      SeeInvis +    a - +0 shortbow
rCold   . . .      Faith    .    (shield currently unavailable)
rNeg    . . .      Spirit   .    (body armour unavailable)
rPois   .          Reflect  .    (helmet restricted)
rElec   .          Harm     .    (no cloak)
rCorr   .          Rampage  .    (no gloves)
Will    .....                    (no boots)
Stlth   ++........               (no amulet)
HPRegen 0.10/turn                l - ring of see invisible
MPRegen 0.08/turn                (no ring)

@: attractive, flying
A: AC +5, unfitting armour, cold-blooded
a: no special abilities


You were on level 2 of the Dungeon.
You visited 1 branch of the dungeon, and saw 2 of its levels.

You collected 69 gold pieces.

Inventory:

Hand Weapons
 a - a +0 shortbow (weapon)
Jewellery
 j - an amulet of faith
 l - a ring of see invisible (left hand)
Scrolls
 b - a scroll of immolation
 e - a scroll of brand weapon
 f - a scroll of magic mapping
 g - a scroll of enchant armour
Potions
 i - a potion of flight


   Skills:
 + Level 2.8 Fighting
 * Level 4.1 Ranged Weapons
 - Level 1.7 Dodging
 * Level 2.2 Stealth


You had 2 spell levels left.
You didn't know any spells.
Your spell library was empty.

Dungeon Overview and Level Annotations

Branches:
Dungeon (2/15)

Altars:

Annotations:
D:2 exclusion: 3 gnolls


Innate Abilities, Weirdness & Mutations

Your plain brown scales are hard. (AC +5)
You cannot fit into any form of body armour.
You are cold-blooded and may be slowed by cold attacks.


Message History

e - a scroll of brand weapon Terence hits you with a +0 hand axe.
It was a potion of flight.
You feel very buoyant.
You fly up into the air.
Terence hits you with a +0 hand axe.
* * * LOW HITPOINT WARNING * * *
It was a potion of heal wounds.
You feel much better.
Terence zaps a wand.
The bolt of light hits you!!
You are confused.
Ouch! That really hurt!
It was a potion of degeneration.
There was something very wrong with that liquid.
You feel weakened.
You feel dopey.
You feel clumsy. Terence closely misses you.
It was a potion of attraction.
You feel attractive to monsters. Terence barely misses you.
It was a potion of curing.
You feel better.
Terence zaps a wand.
The bolt of light hits you!
You are confused.
You are too confused!
You shoot an arrow. Terence completely misses you.
Unknown command.
You shoot an arrow.
You feel less confused.
Terence zaps a wand.
The bolt of light hits you!
* * * LOW HITPOINT WARNING * * *
Fire: a) +0 shortbow
Press: ? - help, Shift-Dir - straight line, f/p - Terence
Aim: Terence, wielding a +0 hand axe, wearing a +0 scale mail and carrying a wand of light (4) (heavily wounded, inner flame, 65% to hit)
You shoot an arrow. The arrow hits Terence!
Flame seeps out of Terence.
Terence is almost dead.
Terence is engulfed in blazing flames.
Terence explodes!
The fiery explosion engulfs you!!
Ouch! That really hurt!
You die...

************* ########
*,,,,,,,,,..# #......#
******,********#.# #.####.#
,,,**,,,** #.# #.# #.# **,*,,,,,*
###.#***** #.# ##.## ,,,,,,,,**
#..!.,,,,* #.# #.... ,*,***,**
#.#§#***,* #.###..## ,*,* *,*
#.#○# *,* #......## **,* *,*
#.#@## *,* #####.## *,*##+#*
#....# *,******#.### *#.##...##
#.#..# *,#.gg.g....# ,..#.....##
#.##.# *,#.#####.#.# *##.......##
#.#..###.#,*#......#
*#.........###........#.##......#
,+.........'.....................
*#.........####....####.##..#...#
**#.......## *#.#.# #.##......#


There were no monsters in sight!

Vanquished Creatures
  Terence (D:2)
  An adder (D:2)
  3 worms
  5 endoplasms
  4 goblins (D:1)
  2 hobgoblins (D:1)
  4 kobolds
  3 quokkas
  5 ball pythons
  A bat (D:2)
  3 frilled lizards
  A rat (D:1)
33 creatures vanquished.

Notes
Turn   | Place    | Note
-------+----------+-------------------------------------------
     0 | D:1      | freelancePsychic the Draconian Hunter began the quest for
                  | the Orb.
     0 | D:1      | Reached XP level 1. HP: 17/17 MP: 1/1
    18 | D:1      | Reached skill level 1 in Stealth
   255 | D:1      | Reached XP level 2. HP: 20/25 MP: 2/2
   620 | D:1      | Found a faded altar of an unknown god.
   754 | D:1      | HP: 1/25 [frozen (5)]
  1217 | D:1      | Reached skill level 4 in Ranged Weapons
  1322 | D:2      | Reached XP level 3. HP: 30/30 MP: 3/3
  1939 | D:2      | Noticed Terence
  1953 | D:2      | HP: 1/30 [Terence/bolt of light (12)]
  1954 | D:2      | Killed Terence
  1954 | D:2      | Killed by an exploding Terence... ignited by their inner
                  | flame

Illustrated notes

Levels and vault maps discovered:
D:1:      dpeg_arrival_boxorama, layout_basic, basic_ecumenical_altar
D:2:      layout_loops_corners, uniq_terence

Skill      XL: |  1  2  3 |
---------------+----------+-----
Stealth        | 1 2 |  2.2
Ranged Weapons | 4 |  4.1
Fighting       | |  2.8
Dodging        | |  1.7

Action                   || total
-------------------------++-------
 Fire: Shortbow          ||   120
  Use: Potion            ||     5
       Scroll            ||     4
Armor: Skin              ||    22
Dodge: Dodged            ||    38

Table legend: (Time is in decaauts)
 A = Elapsed time spent in this place.
 B = Non-inter-level travel time spent in this place.
 C = Inter-level travel time spent in this place.
 D = Time resting spent in this place.
 E = Time spent auto-exploring this place.
 F = Levels seen in this place.
 G = Mean time per level.
                   A        B        C        D        E       F      G
               +--------+--------+--------+--------+--------+-----+--------+
         Total |   1997 |   1976 |     21 |      0 |   1740 |   2 |  998.5 |
       Dungeon |   1997 |   1976 |     21 |      0 |   1740 |   2 |  998.5 |
               +--------+--------+--------+--------+--------+-----+--------+

Top non-repeatable levels by time:
     D:1: 1301 daAuts
     D:2: 696 daAuts
